 Dungeon Crawl Stone Soup version 0.16.1-25-gbcee3f8 (webtiles) character file.

426573 namelastname112 the Grim Reaper (level 22, -28/186 (192) HPs)
             Began as a Yellow Draconian Fighter on May 17, 2015.
             Was the Champion of Yredelemnul.
             Annihilated by a vault warden
             ... wielding a +0 dire flail
              (36 damage)
             ... on level 5 of the Vaults.
             The game lasted 03:15:44 (67533 turns).

namelastname112 the Grim Reaper (DrFi)             Turns: 67533, Time: 03:15:44

HP:   -28/186 (192) AC: 22    Str: 19    XL:     22   Next: 75%
MP:   0/39          EV: 32    Int:  3    God:    Yredelemnul [******]
Gold: 4411          SH: 24    Dex: 29    Spells: 6 memorised, 29 levels left

rFire  . . .     SeeInvis .     W - +9 demon trident (freeze)
rCold  + . .     Clarity  .     (armour unavailable)
rNeg   + . .     SustAb   .     h - +2 large shield {reflect}
rPois  +         Gourm    +     R - +2 hat of the Bear Spirit {Spirit, +Rage rN+ MR++}
rElec  .         Spirit   +     P - +2 cloak {rPois}
rCorr  +         Warding  .     X - +2 pair of gloves of Inviolability {rC+ rCorr Int-5 Dex+3}
rMut   .         Stasis   .     b - +2 pair of boots {Fly} (curse)
MR     +++..                    w - amulet of the gourmand
Stlth  ++++......               y - +5 ring of evasion
                                A - +3 ring of dexterity

@: flying, lost intelligence, wreathed by umbra, recalling, very slow, extremely
resistant to hostile enchantments, stealthy
A: spit acid, acid resistance, unfitting armour, horns 1, agile 1, breathe
flames 1, acidic bite, cold-blooded, AC +11
a: Spit Acid, Animate Dead, Stop Recall, Injury Mirror, Drain Life, Enslave
Soul, Renounce Religion, Breathe Fire, Evoke Berserk Rage
}: 2/15 runes: barnacled, gossamer


You were on level 5 of the Vaults.
You worshipped Yredelemnul.
Yredelemnul was exalted by your worship.
You were not hungry.

You visited 9 branches of the dungeon, and saw 51 of its levels.
You visited the Abyss 1 time.
You also visited: Labyrinth and Ice Cave.

You collected 6376 gold pieces.
You spent 739 gold pieces at shops.

Inventory:

Hand weapons
 W - a +9 demon trident of freezing (weapon)
Armour
 b - a cursed +2 pair of boots of flying (worn)
 h - a +2 large shield of reflection (worn)
 P - a +2 cloak of poison resistance (worn)
 R - the +2 hat of the Bear Spirit (worn) {Spirit, +Rage rN+ MR++}
   (You acquired it on level 3 of the Vaults)

   It protects you from negative energy.
   It affects your resistance to hostile enchantments.
   It lets you go berserk.
 X - the +2 pair of gloves of Inviolability (worn) {rC+ rCorr Int-5 Dex+3}
   (You found it on level 3 of the Elven Halls)

   It affects your intelligence (-5).
   It affects your dexterity (+3).
   It protects you from cold.
   It protects you from acid and corrosion.
Rods
 c - a +4 iron rod (12/12)
   (You took it off a deep elf mage on level 3 of the Elven Halls)
 F - a +0 rod of destruction (12/12)
   (You took it off a minotaur on level 5 of the Depths)
 J - a +5 rod of destruction (12/12)
   (You took it off a deep elf death mage on level 3 of the Elven Halls)
 L - a +3 rod of shadows (12/12)
   (You found it in a labyrinth)
Jewellery
 a - an uncursed amulet of clarity
 w - an amulet of the gourmand (around neck)
 y - a +5 ring of evasion (right hand)
 A - a +3 ring of dexterity (left hand)
Magical devices
 o - a wand of hasting (3)
 v - a wand of digging (14)
 C - a wand of cold (6)
 E - a wand of draining (7)
 G - a wand of heal wounds (7)
 N - a wand of cold (7)
 Q - a wand of disintegration (9)
Scrolls
 g - 18 scrolls of identify
 j - 21 scrolls of remove curse
 m - 12 scrolls of fog
 n - 8 scrolls of blinking
 r - a scroll of enchant armour
 u - 10 scrolls of fear
 S - 2 scrolls of teleportation
 T - 7 scrolls of recharging
 V - 9 scrolls of magic mapping
 Y - 2 scrolls of silence
 Z - 3 scrolls of summoning
Potions
 e - 7 potions of might
 k - 3 potions of heal wounds
 l - a potion of invisibility
 q - 7 potions of ambrosia
 t - 19 potions of curing
 z - 2 potions of cancellation
 B - 3 potions of magic
 D - 5 potions of agility
 I - a potion of berserk rage
 M - 3 potions of haste
Books
 s - the Disquisition on Hurtful Evil
   (You found it on level 2 of the Depths)

   Spells                             Type                      Level
   a - Flame Tongue                   Conjuration/Fire             1
   b - Static Discharge               Conjuration/Air              3
   c - Vampiric Draining              Necromancy                   3
   d - Agony                          Necromancy                   5
   e - Cigotuvi's Embrace             Necromancy                   5
Miscellaneous
 d - a box of beasts
 H - 3 phantom mirrors
 K - a phial of floods
Comestibles
 f - 15 bread rations
 p - 25 fruits
 x - 9 royal jellies


   Skills:
 + Level 15.3 Fighting
 + Level 17.7 Polearms
 + Level 13.4 Dodging
 + Level 17.3 Shields
 + Level 11.2 Spellcasting
 + Level 11.1 Charms
 + Level 18.7 Invocations
 + Level 14.4 Evocations


You had 29 spell levels left.
You knew the following spells:

 Your Spells              Type           Power        Failure   Level  Hunger
a - Apportation           Tloc           #.........   63%         1    #......
b - Blink                 Tloc           N/A          85%         2    ###....
c - Regeneration          Chrm/Necr      #.........   21%         3    ###....
d - Ozocubu's Armour      Chrm/Ice       #.......     21%         3    ###....
e - Repel Missiles        Chrm/Air       #.....       12%         2    ###....
f - Spectral Weapon       Hex/Chrm       #.......     21%         3    ###....


Dungeon Overview and Level Annotations

Branches:
Dungeon (15/15)            Temple (1/1) D:4            Lair (8/8) D:11
 Shoals (5/5) Lair:5       Spider (5/5) Lair:4        Slime (0/6) Lair:7
    Orc (4/4) D:9             Elf (3/3) Orc:4        Vaults (5/5) D:13
  Crypt (0/3) Vaults:3     Depths (5/5) D:15            Zot (0/5) Depths:5

Altars:
Ashenzari
Cheibriados
Dithmenos
Elyvilon
Fedhas
Gozag
Kikubaaqudgha
Makhleb
Nemelex Xobeh
Okawaru
Qazlal
Ru
Sif Muna
Trog
Vehumet
Xom
Yredelemnul
Zin
The Shining One
Beogh
Jiyva
Lugonu

Shops:
D:5 :   D:6 :   D:7 [*:!   D:9 *   Orc:2 !   Orc:4 [([(   Elf:1 !   Elf:2 [
Shoals:1 }   Shoals:4 [   Depths:3 :*

Portals:
Hell: Lair:8 Depths:1 Depths:2 Depths:3 Depths:4 Depths:5
Abyss: Depths:1 Depths:4
Pandemonium: Depths:3 Depths:4
Ziggurat: Depths:2
Trove: D:12 (give +4 demon blade)

Annotations:
Lair:7 1 runed door
Elf:2 5 runed doors


Innate Abilities, Weirdness & Mutations

You can spit globs of acid.
You can corrode armour when you spit acid.
You are resistant to acid.
Your golden yellow scales are hard (AC +11).
Your body does not fit into most forms of armour.
You have acidic saliva.
Your cold-blooded metabolism reacts poorly to cold.
You have a pair of small horns on your head.
You are agile. (Dex +2)
You can breathe flames.


Message History

Your bone dragon is recalled.
Saint Roka is recalled.
Your profane servitor is recalled.
Your ghoul is recalled.
Your profane servitor is recalled.
You block the vampiric battleaxe's attack.
The vampiric battleaxe hits your ghoul.
The vampiric battleaxe misses your profane servitor.
The tengu reaver hits you with a battleaxe!!
* * * LOW HITPOINT WARNING * * *
The tengu reaver hits your bone dragon with a battleaxe!!
The tengu reaver hits Saint Roka with a battleaxe!
The tengu reaver pecks you.
* * * LOW HITPOINT WARNING * * *
You block the tengu reaver's attack. The stone giant hits your orc zombie!
The vault guard hits your ghoul but does no damage.
The ironbrand convoker misses you.
The ogre hits your orc zombie with a giant club!
Your orc zombie is destroyed!
The vault warden hits you with a dire flail!!!
You die...
Your body rises from the dead as a mindless zombie.

########################
.......Z............*...
.........................
##########.#.#....A...##
...Z..ZZ.......ZDpZ..c#
..####....####.#@Q.O##.#
###ZZ...###...))p().#
#.ZZZZ.##.....O#CnA.#
......Z# ......#p...#
.....Z## ......#....#
....).# ......#....#
.(....# ... #....#
)(##### # #....# ###
#....#


You could see a stone giant, a vault warden, a tengu reaver, a yaktaur captain,
a vault guard (unaware), an ironbrand convoker, 2 ogres, a vampiric battleaxe, a
friendly bone dragon, 2 friendly profane servitors, a friendly ghoul, the
friendly Saint Roka the spectral orc and a friendly ettin zombie.

Vanquished Creatures
  3 golden dragons
  A bone dragon (Depths:5)
  4 deep elf blademasters (Elf:3)
  A deep elf master archer (Elf:3)
  2 tentacled starspawn (Abyss:2)
  3 shadow dragons
  Roxanne (D:14)
  A revenant (Vaults:3)
  5 fire giants
  2 tengu reavers
  4 frost giants
  3 orc warlords
  A balrug (Depths:1)
  A draconian scorcher (Depths:5)
  6 vault wardens
  6 deep elf sorcerers
  3 emperor scorpions
  2 spriggan defenders (Depths:4)
  7 ironheart preservers
  A reaper (Elf:3)
  Jorgrun (Vaults:2)
  2 war gargoyles (Vaults:5)
  10 stone giants
  3 vampire knights
  2 black draconians (Depths:5)
  3 very ugly things
  9 deep elf demonologists
  2 white draconians (Depths:5)
  A purple draconian (Depths:5)
  7 deep elf annihilators
  3 dire elephants
  8 deep elf death magi
  Snorg (Lair:6)
  A blizzard demon (Depths:4)
  16 vault guards
  14 ettins
  4 minotaurs
  A merfolk javelineer (Shoals:5)
  A green death (Abyss:2)
  9 yaktaur captains
  4 merfolk impalers (Shoals:5)
  4 fire dragons
  2 jiangshi (Depths:4)
  6 deep elf high priests (Elf:3)
  5 great orbs of eyes
  2 rakshasas
  7 centaur warriors
  A spriggan air mage (Depths:5)
  8 ogre magi
  4 ice dragons
  2 dancing weapons (Elf:2)
  2 merfolk aquamancers (Shoals:5)
  2 deep troll shamans
  8 death yaks
  2 deep troll earth magi
  3 spriggan berserkers
  3 tengu warriors
  Urug (D:10)
  2 orc high priests (Orc:4)
  6 thrashing horrors (Abyss:2)
  3 sun demons
  2 spriggans (Depths:4)
  3 hell knights
  A wretched star (Abyss:2)
  2 ice devils
  21 deep elf knights
  A flayed ghost (Depths:1)
  A golden dragon zombie (Abyss:2)
  A sea snake (Shoals:5)
  A giant orange brain (Depths:1)
  10 ironbrand convokers
  A putrid demonspawn (Depths:4)
  5 hill giants
  A shadow wraith (Vaults:5)
  2 ice statues (IceCv)
  9 deep trolls
  19 deep elf conjurers
  11 deep elf summoners
  9 orc knights
  4 necromancers
  6 orb spiders
  A lindwurm (D:13)
  A wizard (Lair:8)
  14 wolf spiders
  4 manticores
  A tengu skeleton (Vaults:4)
  A frost giant zombie (Depths:2)
  An orc sorcerer (Orc:4)
  6 harpies
  A faun (shapeshifter) (Depths:4)
  6 hornets
  6 phantasmal warriors
  A salamander (shapeshifter) (D:14)
  2 moths of wrath
  9 elephants
  A cyclops (shapeshifter) (Elf:1)
  A cyclops (Vaults:1)
  23 ugly things
  3 sixfirhies
  5 griffons
  A wolf spider (shapeshifter) (Depths:1)
  An apocalypse crab (Abyss:2)
  A siren (Shoals:4)
  Maurice (Orc:1)
  A black mamba (shapeshifter) (Vaults:5)
  5 fauns
  3 orange demons
  7 smoke demons (Abyss:2)
  10 vault sentinels
  A centaur skeleton (D:14)
  2 torpor snails
  8 spiny frogs
  A queen ant (Spider:2)
  4 black mambas
  4 kobold demonologists
  25 yaktaurs
  2 fire drakes
  3 hellwings
  4 tengu conjurers
  4 komodo dragons
  A tormentor (Abyss:2)
  5 demonic crawlers
  An efreet (D:15)
  An elf (shapeshifter) (Depths:3)
  2 ancient zymes (Abyss:2)
  8 trolls
  13 blue devils
  2 red devils
  9 deep elf priests
  A harpy zombie (Abyss:2)
  A freezing wraith (Vaults:5)
  A polar bear (Lair:8)
  6 merfolk
  A wind drake (Shoals:3)
  14 blink frogs
  A fire vortex (Depths:4)
  12 jumping spiders
  7 ravens
  4 raiju (Abyss:2)
  5 slime creatures (Vaults:1)
  12 two-headed ogres
  2 boulder beetles
  4 snapping turtles
  2 wyverns
  A tarantella (shapeshifter) (Vaults:5)
  A trapdoor spider (shapeshifter) (Depths:3)
  A fire elemental (Abyss:2)
  3 human simulacra
  15 water elementals
  A hog (shapeshifter) (Vaults:3)
  9 tarantellas
  2 air elementals (Depths:5)
  A human (shapeshifter) (Depths:5)
  8 small abominations
  A vampire (Abyss:2)
  5 wraiths
  19 redbacks
  11 trapdoor spiders
  Eustachio (D:6)
  2 spriggans (shapeshifter)
  3 neqoxecs (Abyss:2)
  8 hippogriffs
  4 ynoxinuls (Abyss:2)
  A golden eye (shapeshifter) (Depths:3)
  26 yaks
  25 deep elf magi
  28 deep elf fighters
  22 soldier ants
  4 wargs
  22 wolves
  3 vampire mosquitoes
  A soldier ant (shapeshifter) (Depths:2)
  A mottled dragon (shapeshifter) (Vaults:3)
  6 porcupines
  A spider (shapeshifter) (Vaults:5)
  6 hell hounds (Abyss:2)
  31 ogres
  A black bear (D:14)
  10 water moccasins
  14 ice beasts
  A necrophage (D:11)
  31 orc warriors
  An eye of draining (D:9)
  A phantom (D:8)
  16 spiders
  13 starcursed masses (Abyss:2)
  A manticore zombie (Abyss:2)
  5 boggarts
  An ettin simulacrum (Vaults:4)
  7 large abominations
  3 boring beetles
  13 centaurs
  6 wasps
  3 brain worms
  Duvessa (D:6)
  10 crocodiles
  An elf simulacrum (Vaults:1)
  16 giant frogs
  3 big kobolds
  A wyvern skeleton (D:11)
  A warg zombie (Vaults:1)
  7 scorpions
  2 wights (D:15)
  13 killer bees
  7 electric eels
  2 goliath beetles (D:8)
  Dowan (D:6)
  A giant frog zombie (D:11)
  6 crimson imps
  2 centaur zombies
  4 quasits
  3 giant frog skeletons
  5 jellies
  27 orc priests
  Crazy Yiuf (D:6)
  9 hounds
  3 iron imps
  4 iguanas
  19 orc wizards
  25 worker ants
  Natasha (thrice) (D:6)
  10 hell rats
  17 sheep
  Ijyb (D:6)
  2 hound zombies
  A mummy (D:15)
  A gnoll (D:6)
  37 river rats
  17 adders
  5 shadow imps
  26 white imps
  2 worms
  11 ufetubi
  154 orcs
  3 ball pythons
  12 bats
  A bat skeleton (D:4)
  A bat zombie (D:7)
  21 hobgoblins
  14 jackals
  18 kobolds
  15 quokkas
  3 giant cockroaches
  5 giant geckos
  2 giant gecko zombies (D:7)
  A giant newt (D:2)
  19 goblins
  A quokka skeleton (D:5)
  27 rats
  2 rat zombies (D:9)
  5 ballistomycetes (D:15)
  A plant (D:11)
  A starspawn tentacle (Abyss:2)
  2 tentacles (Shoals:5)
1647 creatures vanquished.

Vanquished Creatures (collateral kills)
  Norris (Shoals:5)
  2 tentacled monstrosities (Vaults:5)
  A deep elf blademaster (Depths:3)
  A quicksilver dragon (Vaults:5)
  A titan (Vaults:5)
  A sphinx (Vaults:4)
  2 krakens (Shoals:5)
  3 octopode crushers
  3 shadow dragons
  2 fire giants
  Ilsuiw (Shoals:5)
  3 tengu reavers
  Maud (D:14)
  Wiglaf (Shoals:3)
  6 vault wardens
  An iron dragon (Depths:5)
  4 emperor scorpions
  An orc warlord (Orc:4)
  2 frost giants
  7 ironheart preservers
  A ghoul (Depths:3)
  5 ghost moths (Spider:5)
  4 very ugly things
  6 stone giants
  3 war gargoyles (Vaults:5)
  A draconian caller (Depths:5)
  3 rakshasas (Vaults:2)
  A yellow draconian (Depths:5)
  A red draconian (Depths:5)
  4 merfolk javelineers
  6 fire dragons
  A crystal guardian (Vaults:4)
  3 minotaurs
  A jiangshi (Depths:3)
  5 merfolk impalers
  3 deep elf death magi (Elf:3)
  2 ettins
  9 yaktaur captains
  2 great orbs of eyes
  3 deep elf high priests (Elf:3)
  6 vault guards
  Fannar (Lair:4)
  4 hydras
  8 ice dragons
  Harold (Lair:6)
  6 ogre magi
  2 ghost crabs (shapeshifter)
  Nessos (D:15)
  5 merfolk avatars
  4 centaur warriors
  Erica (Lair:6)
  5 deep troll earth magi
  7 merfolk aquamancers
  2 alligator snapping turtles
  2 satyrs
  2 tengu warriors
  4 vampire magi
  10 death yaks
  A sun demon (Lair:8)
  A soul eater (Vaults:1)
  An orc high priest (Orc:4)
  6 hell knights
  Nergalle (D:12)
  2 spriggan berserkers (Depths:3)
  A salamander mystic (Depths:4)
  7 deep elf knights
  4 skeletal warriors (D:15)
  A death drake (Depths:5)
  A flayed ghost (Depths:3)
  10 deep trolls
  10 sea snakes
  3 shadow wraiths
  3 giant orange brains
  21 harpies
  3 deep elf summoners
  3 unseen horrors
  5 ironbrand convokers
  5 hill giants
  10 orc knights
  A golden dragon skeleton (Depths:2)
  7 hornets
  4 necromancers
  A wizard (Vaults:3)
  A lindwurm (Lair:5)
  20 wolf spiders
  13 orb spiders
  2 orc sorcerers
  2 sphinx skeletons (Depths:2)
  18 fauns
  4 cyclopes
  4 deep elf conjurers
  31 ugly things
  2 phantasmal warriors
  2 salamanders (Depths:4)
  2 sixfirhies
  A salamander (shapeshifter) (Depths:2)
  7 griffons
  A black mamba (shapeshifter) (Depths:3)
  5 manticores
  5 vault sentinels
  10 sirens
  6 water nymphs
  A stone giant skeleton (Vaults:5)
  5 centaur skeletons
  6 elephants
  2 small abominations
  4 orange demons
  Psyche (Orc:1)
  15 yaktaurs
  A hellwing (Vaults:1)
  2 black mambas
  3 naga magi (D:15)
  A kobold demonologist (D:13)
  4 spiny frogs
  A blue devil (Lair:8)
  6 komodo dragons
  2 yaktaurs (shapeshifter)
  2 fire drakes
  13 demonic crawlers
  4 freezing wraiths
  6 deep elf priests
  A red devil (Lair:8)
  A queen bee (Lair:5)
  19 merfolk
  3 trolls
  A wind drake (Shoals:3)
  18 jumping spiders
  A wind drake (shapeshifter) (Vaults:3)
  6 boulder beetles
  12 two-headed ogres
  6 blink frogs
  2 centaur simulacra (D:15)
  12 slime creatures
  A raven (D:13)
  5 snapping turtles
  A wyvern (Lair:6)
  3 basilisks
  11 water elementals
  A shadow (D:12)
  6 wraiths
  2 spriggans (Depths:3)
  A spriggan (shapeshifter) (Vaults:2)
  20 trapdoor spiders
  35 redbacks
  18 yaks
  A spectral human (Vaults:2)
  9 hippogriffs
  23 tarantellas
  A tarantella (shapeshifter) (Depths:3)
  A hungry ghost (Shoals:4)
  18 deep elf magi
  11 deep elf fighters
  A yaktaur simulacrum (Vaults:5)
  A vampire (Depths:2)
  9 wolves
  A naga (Lair:1)
  2 human zombies
  A vampire mosquito (D:15)
  3 soldier ants
  5 wargs
  7 water moccasins
  2 hell hounds (Lair:8)
  A black bear (D:13)
  3 porcupines
  2 eyes of draining (D:12)
  4 ice beasts
  19 spiders
  A sky beast (D:12)
  6 boggarts
  5 centaurs
  An elf zombie (Vaults:5)
  27 ogres
  3 wasps
  22 orc warriors
  A tengu (Lair:1)
  4 crocodiles
  An elf simulacrum (Depths:2)
  7 giant frogs
  3 boring beetles
  2 big kobolds
  A glowing shapeshifter simulacrum (Vaults:4)
  3 scorpions
  A wight (D:15)
  22 killer bees
  A naga zombie (D:15)
  A crimson imp (D:13)
  4 centaur zombies
  A two-headed ogre zombie (Vaults:1)
  6 hounds
  An iron imp (Vaults:1)
  A giant frog skeleton (D:11)
  An iguana (shapeshifter) (Vaults:5)
  10 orc priests
  A quasit (D:12)
  4 worker ants
  2 iguanas (Lair:3)
  16 orc wizards
  27 sheep
  5 hell rats
  A hound skeleton (D:7)
  A mummy (Depths:3)
  2 worker ant zombies
  28 river rats
  4 adders
  3 gnolls (D:6)
  A giant mite (D:6)
  2 white imps (D:12)
  2 shadow imps
  An adder skeleton (D:8)
  An adder zombie (D:9)
  76 orcs
  A bat skeleton (D:8)
  2 goblins
  2 hobgoblins
  A jackal (D:6)
  4 kobolds
  A quokka (Lair:5)
  2 orc zombies (Vaults:1)
  11 rats (D:9)
  6 rat zombies (D:9)
  8 river rat zombies (D:9)
  3 spectral orcs (D:12)
  A ballistomycete (D:15)
  4 bushes (Depths:2)
  8 fungi
  12 plants
  5 tentacles (Shoals:5)
1201 creatures vanquished.

Vanquished Creatures (others)
  A deep elf master archer (Elf:3)
  A tengu reaver (Vaults:4)
  6 ghouls
  An ironheart preserver (Vaults:1)
  A dire elephant (Depths:2)
  A very ugly thing zombie (Depths:1)
  A quicksilver dragon zombie (Vaults:5)
  11 death cobs
  A spectral minotaur (Spider:5)
  A centaur warrior (Depths:2)
  A titan zombie (Vaults:5)
  A golden dragon zombie (Vaults:5)
  13 skeletal warriors
  An ice devil (Vaults:1)
  A deep elf knight (Elf:1)
  A hornet (Vaults:4)
  7 flayed ghosts
  A shadow dragon zombie (Vaults:5)
  A sphinx zombie (Vaults:4)
  14 phantasmal warriors
  7 ugly thing zombies
  2 wolf spider zombies
  An ugly thing (Depths:2)
  2 frost giant zombies
  2 stone giant zombies
  A sixfirhy (Shoals:5)
  31 drowned souls
  2 smoke demons (Vaults:1)
  2 white draconian zombies (Depths:5)
  2 spectral humans
  2 merfolk zombies (Shoals:5)
  2 redback zombies
  A red draconian zombie (Depths:5)
  A spriggan zombie (Depths:5)
  5 yaktaurs
  A deep elf priest (Elf:1)
  A human skeleton (Vaults:1)
  3 demonic crawler zombies
  A hydra zombie (Lair:8)
  2 ghoul skeletons
  A freezing wraith (Vaults:3)
  2 trapdoor spider zombies (Spider:5)
  A hornet zombie (Spider:5)
  4 ettin zombies
  A jumping spider zombie (Spider:3)
  3 ice dragon zombies
  A tarantella zombie (Spider:5)
  A griffon zombie (Vaults:1)
  3 fire dragon zombies (Depths:5)
  A black mamba zombie (Lair:8)
  2 flying skulls
  2 wraiths
  10 vampires
  31 elf zombies
  2 deep elf magi
  3 raven zombies
  3 faun zombies
  16 human zombies
  A deep troll zombie (Depths:5)
  An orb spider zombie (Spider:5)
  An orc warrior (Vaults:4)
  2 spiny frog zombies
  2 manticore zombies
  A blink frog zombie (Lair:1)
  4 elephant zombies
  A lost soul (Vaults:4)
  A boggart (Depths:2)
  A vampire mosquito zombie (Vaults:3)
  8 water moccasin zombies
  11 yaktaur zombies
  A wyvern zombie (D:11)
  A spider zombie (Spider:4)
  A warg zombie (Orc:4)
  5 yak zombies
  A polar bear zombie (Lair:8)
  4 tengu zombies
  3 hippogriff zombies
  7 wolf zombies
  An electric eel (Lair:3)
  2 wights
  A quasit (D:10)
  8 centaur zombies
  2 giant frog zombies
  A basilisk zombie (D:13)
  7 soldier ant zombies (Spider:2)
  4 elf skeletons
  7 two-headed ogre zombies
  A hell rat (Elf:3)
  6 killer bee zombies
  2 big kobold zombies
  A crocodile zombie (Lair:8)
  14 ogre zombies
  A hound zombie (Lair:3)
  A mummy (Lair:1)
  11 worker ant zombies
  2 adders
  An orc skeleton (Vaults:5)
  4 white imps
  2 ufetubi (IceCv)
  An adder zombie (D:9)
  5 sheep zombies
  An adder skeleton (Lair:3)
  A felid zombie (D:6)
  12 river rat zombies
  3 giant spores
  A hobgoblin zombie (Orc:3)
  2 jackal zombies
  4 kobold zombies
  33 orc zombies
  A rat skeleton (D:6)
  4 rat zombies (D:9)
  A ballistomycete (D:15)
  2 plants
  7 starspawn tentacles
  12 starspawn tentacle segments (Abyss:2)
  A tentacle (Shoals:5)
  29 tentacle segments (Shoals:5)
480 creatures vanquished.

Grand Total: 3328 creatures vanquished

Notes
Turn   | Place    | Note
--------------------------------------------------------------
     0 | D:1      | namelastname112, the Draconian Fighter, began the quest for the Orb.
     0 | D:1      | Reached XP level 1. HP: 19/19 MP: 1/1
   188 | D:1      | Reached XP level 2. HP: 19/26 MP: 2/2
   626 | D:1      | Reached XP level 3. HP: 29/33 MP: 3/3
  1093 | D:2      | Found a shattered altar of Ashenzari.
  1093 | D:2      | Found a deep blue altar of Sif Muna.
  1162 | D:2      | Reached skill level 4 in Fighting
  1713 | D:3      | Reached XP level 4. HP: 37/40 MP: 4/4
  2273 | D:4      | Found a staircase to the Ecumenical Temple.
  2281 | D:4      | Reached XP level 5. HP: 40/47 MP: 5/5
  2288 | Temple   | Entered the Ecumenical Temple
  2347 | Temple   | Became a worshipper of Yredelemnul the Dark
  2840 | D:4      | Reached skill level 1 in Invocations
  2922 | D:4      | Reached XP level 6. HP: 41/53 MP: 5/7
  3124 | D:5      | Entered Level 5 of the Dungeon
  3244 | D:5      | Found Ograosk's Book Emporium.
  3424 | D:5      | Found a shimmering altar of Xom.
  3424 | D:5      | Found a shimmering altar of Xom.
  3572 | D:5      | Acquired Yredelemnul's first power
  3589 | D:5      | Reached skill level 5 in Fighting
  3589 | D:5      | Reached skill level 5 in Polearms
  3765 | D:5      | Your scales start taking on a golden yellow colour.
  3765 | D:5      | Reached XP level 7. HP: 42/61 MP: 11/11
  4942 | D:6      | Noticed Natasha
  4947 | D:6      | Reached skill level 6 in Polearms
  4953 | D:6      | Noticed Ijyb
  4955 | D:6      | Killed Natasha
  4955 | D:6      | Reached XP level 8. HP: 27/69 MP: 11/14
  4968 | D:6      | Killed Ijyb
  5087 | D:6      | Noticed Natasha
  5094 | D:6      | Killed Natasha
  5261 | D:6      | Noticed Natasha
  5264 | D:6      | Killed Natasha
  5282 | D:6      | Noticed Duvessa
  5283 | D:6      | Noticed Dowan
  5294 | D:6      | Your ally Natasha died
  5315 | D:5      | HP: 1/70 [ice beast (10)]
  5335 | D:5      | HP: 4/105 [ice beast (6)]
  5355 | D:5      | Reached skill level 5 in Invocations
  5708 | D:6      | Noticed Crazy Yiuf
  5719 | D:6      | Noticed Eustachio
  5719 | D:6      | Killed Crazy Yiuf
  5736 | D:6      | Killed Eustachio
  5736 | D:6      | Acquired Yredelemnul's second power
  5806 | D:6      | Killed Duvessa
  5810 | D:6      | Killed Dowan
  5810 | D:6      | Reached skill level 5 in Dodging
  6227 | D:6      | Reached skill level 7 in Polearms
  6477 | D:6      | Found a bloodstained altar of Trog.
  6489 | D:6      | Identified Pumaplot's Almanac of Enchantment and Summoning
  6585 | D:6      | Found Gogom's Book Boutique.
  6979 | D:7      | Found a glowing golden altar of the Shining One.
  6999 | D:7      | Found Phehes' Book Shoppe.
  7034 | D:7      | Found Tomuf's General Store.
  7067 | D:7      | Reached XP level 9. HP: 35/78 MP: 18/18
  7503 | D:7      | Found Skiquq's Distillery.
  7732 | D:7      | Found Kazac's Antique Armour Shop.
  7747 | D:7      | Bought a pair of runed boots for 108 gold pieces
  8000 | D:8      | Acquired Yredelemnul's third power
  8201 | D:8      | Found a stormy altar of Qazlal.
  8202 | D:8      | Found a bloodstained altar of Trog.
  8319 | D:8      | Reached skill level 8 in Polearms
  9398 | D:9      | Found a staircase to the Orcish Mines.
  9404 | D:9      | Reached XP level 10. HP: 79/88 MP: 21/21
  9410 | D:9      | Received a gift from Yredelemnul
  9414 | D:9      | Reached skill level 9 in Polearms
  9461 | D:9      | Acquired Yredelemnul's fourth power
  9466 | D:9      | Received a gift from Yredelemnul
  9485 | D:9      | Received a gift from Yredelemnul
  9515 | D:9      | Found Zin's Purification Station.
  9516 | D:9      | Found a glowing silver altar of Zin.
  9755 | D:9      | Killed an unseen horror
  9919 | D:9      | Received a gift from Yredelemnul
 10071 | D:10     | Entered Level 10 of the Dungeon
 10226 | D:10     | Noticed Urug
 10230 | D:10     | Killed Urug
 10588 | D:11     | Found a staircase to the Lair.
 10752 | D:11     | Received a gift from Yredelemnul
 10850 | D:11     | Found a sacrificial altar of Ru.
 10943 | D:11     | Noticed a hill giant
 10951 | D:11     | Killed a hill giant
 10951 | D:11     | Reached skill level 10 in Polearms
 10999 | D:11     | Found a labyrinth entrance.
 11010 | Lab      | Entered a labyrinth
 11239 | Lab      | Noticed a minotaur
 11250 | Lab      | Killed a minotaur
 11250 | Lab      | Reached skill level 10 in Invocations
 11268 | Lab      | Got a crystal hand crossbow
 11345 | D:11     | Reached XP level 11. HP: 85/95 MP: 25/25
 11498 | D:11     | Received a gift from Yredelemnul
 12079 | Lair:1   | Entered Level 1 of the Lair of Beasts
 12489 | Lair:1   | Acquired Yredelemnul's fifth power
 12731 | Lair:1   | Noticed a fire dragon
 12757 | Lair:1   | Killed a fire dragon
 12757 | Lair:1   | Reached skill level 11 in Polearms
 13248 | Lair:2   | Received a gift from Yredelemnul
 14164 | Lair:3   | Received a gift from Yredelemnul
 14173 | Lair:3   | Found a staircase to the Swamp.
 14641 | Lair:3   | Reached XP level 12. HP: 87/106 MP: 25/27
 14915 | Lair:3   | Reached skill level 12 in Invocations
 15188 | Lair:3   | Received a gift from Yredelemnul
 15539 | Lair:4   | Found a hole to the Spider Nest.
 15564 | Lair:4   | Found a frozen archway.
 15617 | IceCv    | Entered an ice cave
 15921 | IceCv    | Identified a +3 rod of shadows (12/12) (You found it in a labyrinth)
 16894 | IceCv    | Reached skill level 1 in Evocations
 17105 | IceCv    | Reached skill level 10 in Fighting
 18481 | Lair:4   | Noticed Fannar
 18720 | Lair:4   | Killed Fannar
 19109 | Lair:4   | Received a gift from Yredelemnul
 19570 | Lair:5   | Found a staircase to the Shoals.
 19633 | Lair:5   | Reached skill level 13 in Invocations
 19841 | Lair:5   | Received a gift from Yredelemnul
 19958 | Lair:5   | Received a gift from Yredelemnul
 20044 | Lair:5   | Reached XP level 13. HP: 103/114 MP: 29/29
 20466 | Lair:6   | Received a gift from Yredelemnul
 20941 | Lair:6   | Noticed Snorg
 20952 | Lair:6   | Killed Snorg
 20953 | Lair:6   | Noticed Harold
 20957 | Lair:6   | Killed Harold
 21425 | Lair:6   | Noticed Erica
 21443 | Lair:6   | Killed Erica
 21758 | Lair:7   | Received a gift from Yredelemnul
 21980 | Lair:7   | Found a runed door.
 21980 | Lair:7   | Found a viscous altar of Jiyva.
 21980 | Lair:7   | Found a staircase to the Slime Pits.
 21980 | Lair:7   | Noticed an acid blob
 21980 | Lair:7   | Noticed an acid blob
 22376 | Lair:8   | Entered Level 8 of the Lair of Beasts
 22401 | Lair:8   | Gained mutation: Your flesh is cold resistant. [potion of beneficial mutation]
 22482 | Lair:8   | Reached skill level 5 in Evocations
 22482 | Lair:8   | Received a gift from Yredelemnul
 22929 | Lair:8   | Reached skill level 14 in Invocations
 23103 | Lair:8   | Received a gift from Yredelemnul
 23184 | Lair:8   | Found a burning altar of Makhleb.
 23249 | Lair:8   | Found a gateway to Hell.
 23323 | Lair:8   | Noticed a dire elephant
 23352 | Lair:8   | Killed a dire elephant
 24036 | Orc:1    | Entered Level 1 of the Orcish Mines
 24062 | Orc:1    | Found a roughly hewn altar of Beogh.
 24062 | Orc:1    | Noticed Maurice
 24066 | Orc:1    | Killed Maurice
 24147 | Orc:3    | Gained mutation: You have acidic saliva. [draconian growth]
 24147 | Orc:3    | Reached XP level 14. HP: 114/124 MP: 30/30
 24155 | Orc:3    | Received a gift from Yredelemnul
 24274 | Orc:3    | Received a gift from Yredelemnul
 25091 | Orc:2    | Received a gift from Yredelemnul
 25217 | Orc:2    | Found Miruecig's Distillery.
 25237 | Orc:2    | Bought a potion of heal wounds for 70 gold pieces
 25237 | Orc:2    | Bought a potion of curing for 42 gold pieces
 25283 | Orc:2    | Received a gift from Yredelemnul
 25541 | Orc:1    | Received a gift from Yredelemnul
 25567 | Orc:1    | Noticed Psyche
 25578 | Orc:1    | Killed Psyche
 25767 | Orc:4    | Entered Level 4 of the Orcish Mines
 25783 | Orc:4    | Found a roughly hewn altar of Beogh.
 25792 | Orc:4    | Found a roughly hewn altar of Beogh.
 25792 | Orc:4    | Found Khodey's Antique Armour Shop.
 25807 | Orc:4    | Received a gift from Yredelemnul
 25820 | Orc:4    | Bought a runed hat for 128 gold pieces
 26086 | Orc:4    | Received a gift from Yredelemnul
 26196 | Orc:4    | Found a staircase to the Elven Halls.
 26259 | Orc:4    | Received a gift from Yredelemnul
 26263 | Orc:4    | Noticed an orc warlord
 26279 | Orc:4    | Received a gift from Yredelemnul
 26281 | Orc:4    | Found a roughly hewn altar of Beogh.
 26292 | Orc:4    | Killed an orc warlord
 26294 | Orc:4    | Found Khiuzop's Antique Weapon Shop.
 26296 | Orc:4    | Found Marangod's Antique Armour Boutique.
 26478 | Orc:4    | Found a roughly hewn altar of Beogh.
 26534 | Orc:4    | Found Niddoc's Antique Weapon Emporium.
 26624 | Orc:4    | Found a roughly hewn altar of Beogh.
 26671 | Orc:4    | Received a gift from Yredelemnul
 26715 | Orc:4    | Found a roughly hewn altar of Beogh.
 27239 | D:12     | Found a portal to a secret trove of treasure.
 27356 | D:12     | Received a gift from Yredelemnul
 27700 | D:12     | Noticed Nergalle
 28035 | D:12     | Killed Nergalle
 28429 | D:13     | Reached skill level 15 in Invocations
 28461 | D:13     | Received a gift from Yredelemnul
 28684 | D:13     | Found a gate to the Vaults.
 28791 | D:14     | Noticed Maud
 28796 | D:14     | Reached skill level 10 in Dodging
 28798 | D:14     | Killed Maud
 29223 | D:14     | Received a gift from Yredelemnul
 29721 | D:14     | Found a blossoming altar of Fedhas.
 29831 | D:14     | Received a gift from Yredelemnul
 29843 | D:14     | Noticed Roxanne
 29857 | D:14     | Killed Roxanne
 30111 | D:15     | Entered Level 15 of the Dungeon
 30444 | D:15     | Found a sacrificial altar of Ru.
 30604 | D:15     | Reached XP level 15. HP: 116/132 MP: 32/32
 30731 | D:15     | Found a sparkling altar of Nemelex Xobeh.
 30756 | D:15     | Noticed Nessos
 30763 | D:15     | Killed Nessos
 30766 | D:15     | Received a gift from Yredelemnul
 30798 | D:15     | Found a staircase to the Depths.
 31001 | D:15     | Reached skill level 15 in Polearms
 31497 | Spider:1 | Entered Level 1 of the Spider Nest
 31778 | Spider:1 | Received a gift from Yredelemnul
 32831 | Spider:1 | Received a gift from Yredelemnul
 33123 | Spider:2 | Received a gift from Yredelemnul
 33285 | Spider:2 | Received a gift from Yredelemnul
 33288 | Spider:2 | Reached skill level 16 in Invocations
 35205 | Spider:3 | Received a gift from Yredelemnul
 35760 | Spider:4 | Received a gift from Yredelemnul
 35767 | Spider:4 | Noticed Asterion
 35771 | Spider:4 | Noticed a spectral weapon
 35775 | Spider:4 | Killed Asterion
 35775 | Spider:4 | Enslaved Asterion
 36283 | Spider:4 | Received a gift from Yredelemnul
 36345 | Spider:5 | Entered Level 5 of the Spider Nest
 36353 | Spider:5 | Reached XP level 16. HP: 143/143 MP: 32/33
 36382 | Spider:5 | Received a gift from Yredelemnul
 36507 | Spider:5 | Received a gift from Yredelemnul
 36596 | Spider:5 | Received a gift from Yredelemnul
 36601 | Spider:5 | Your ally Asterion died
 36648 | Spider:5 | Received a gift from Yredelemnul
 36759 | Spider:5 | Got a gossamer rune of Zot
 37670 | Shoals:1 | Entered Level 1 of the Shoals
 37701 | Shoals:1 | Received a gift from Yredelemnul
 37763 | Shoals:1 | Noticed Josephine
 37769 | Shoals:1 | Killed Josephine
 37769 | Shoals:1 | Enslaved Josephine
 37965 | Shoals:1 | Found Thrijoedeibe's Gadget Emporium.
 37974 | Shoals:1 | Reached skill level 10 in Evocations
 38148 | Shoals:1 | Identified a scroll of acquirement
 38150 | Shoals:1 | Got a crude shield
 38161 | Shoals:1 | Identified the +0 shield "Phulyib" {MP+9} (You acquired it on level 1 of the Shoals)
 38412 | Shoals:2 | Your ally Josephine died
 38693 | Shoals:2 | Reached skill level 5 in Shields
 38702 | Shoals:2 | Received a gift from Yredelemnul
 38921 | Shoals:2 | Received a gift from Yredelemnul
 39354 | Shoals:3 | Noticed Frances
 39738 | Shoals:3 | Killed Frances
 39738 | Shoals:3 | Enslaved Frances
 40018 | Shoals:3 | Killed Wiglaf
 40940 | Shoals:4 | Received a gift from Yredelemnul
 41181 | Shoals:4 | Received a gift from Yredelemnul
 41375 | Shoals:4 | Found Kiladocw's Antique Armour Boutique.
 41677 | Shoals:5 | Entered Level 5 of the Shoals
 41754 | Shoals:5 | Reached XP level 17. HP: 147/147 MP: 34/34
 41755 | Shoals:5 | Received a gift from Yredelemnul
 41784 | Shoals:5 | Noticed Norris
 41796 | Shoals:5 | Paralysed by Norris for 5 turns
 41797 | Shoals:5 | Killed Norris
 41875 | Shoals:5 | Learned a level 1 spell: Apportation
 41878 | Shoals:5 | Learned a level 2 spell: Blink
 41882 | Shoals:5 | Learned a level 3 spell: Regeneration
 41980 | Shoals:5 | Received a gift from Yredelemnul
 42181 | Shoals:5 | Got a pair of polished gloves
 42192 | Shoals:5 | Identified the +1 pair of gloves of the Cockroach {rN+} (You acquired it on level 5 of the Shoals)
 42349 | Shoals:5 | Received a gift from Yredelemnul
 42564 | Shoals:5 | Reached skill level 10 in Shields
 42582 | Shoals:5 | Received a gift from Yredelemnul
 42640 | Shoals:5 | Noticed Ilsuiw
 42661 | Shoals:5 | Killed Ilsuiw
 42893 | Shoals:5 | Got a barnacled rune of Zot
 43655 | Vaults:1 | Entered Level 1 of the Vaults
 43688 | Vaults:1 | Received a gift from Yredelemnul
 43711 | Vaults:1 | Reached skill level 1 in Spellcasting
 43731 | Vaults:1 | Reached skill level 1 in Charms
 43750 | Vaults:1 | Cast into the Abyss (a deep elf sorcerer)
 44129 | Abyss:2  | Noticed a bone dragon
 44145 | Abyss:2  | Found a corrupted altar of Lugonu.
 44220 | Abyss:2  | Gained mutation: You tend to lose your temper in combat. [a neqoxec]
 45067 | Abyss:2  | Noticed a bone dragon
 46028 | Abyss:2  | Noticed a Hell Sentinel
 46155 | Abyss:2  | Found a corrupted altar of Lugonu.
 46256 | Abyss:2  | Gained mutation: You are weak. (Str -2) [a neqoxec]
 46331 | Vaults:1 | Escaped the Abyss
 46332 | Vaults:1 | Noticed a Brimstone Fiend
 46340 | Vaults:1 | Reached XP level 18. HP: 79/154 MP: 35/35
 46558 | Vaults:1 | Received a gift from Yredelemnul
 47291 | Vaults:1 | Noticed Saint Roka
 47304 | Vaults:1 | Received a gift from Yredelemnul
 47325 | Vaults:1 | Your ally Frances died
 47654 | Vaults:1 | Killed Saint Roka
 47654 | Vaults:1 | Enslaved Saint Roka
 47951 | Vaults:1 | Reached skill level 5 in Charms
 48269 | Vaults:1 | Received a gift from Yredelemnul
 48274 | Vaults:1 | Reached skill level 5 in Spellcasting
 48282 | Vaults:1 | Received a gift from Yredelemnul
 48873 | Vaults:2 | Received a gift from Yredelemnul
 48973 | Vaults:2 | Noticed Jorgrun
 48998 | Vaults:2 | Killed Jorgrun
 49359 | Vaults:2 | Gained mutation: You are agile. (Dex +2) [potion of mutation]
 49359 | Vaults:2 | Gained mutation: Your body is slowly deteriorating. [potion of mutation]
 49359 | Vaults:2 | Lost mutation: Your body is slowly deteriorating. [potion of mutation]
 49907 | Vaults:2 | Received a gift from Yredelemnul
 50540 | Vaults:3 | Found a staircase to the Crypt.
 50806 | Vaults:3 | Received a gift from Yredelemnul
 51757 | Vaults:3 | Received a gift from Yredelemnul
 51831 | Vaults:4 | Reached XP level 19. HP: 160/160 MP: 36/36
 52093 | Vaults:4 | Identified Daylen's Papyrus of Dusty Transmutation
 52235 | Vaults:4 | Received a gift from Yredelemnul
 52368 | Vaults:4 | Reached skill level 15 in Shields
 52724 | Vaults:4 | Received a gift from Yredelemnul
 52839 | Vaults:4 | Received a gift from Yredelemnul
 53269 | Vaults:4 | Received a gift from Yredelemnul
 53887 | Lair:1   | Lost mutation: Your flesh is cold resistant. [potion of cure mutation]
 53887 | Lair:1   | Lost mutation: You are weak. (Str -2) [potion of cure mutation]
 53887 | Lair:1   | Lost mutation: You tend to lose your temper in combat. [potion of cure mutation]
 53888 | Lair:1   | Gained mutation: You have a pair of small horns on your head. [potion of beneficial mutation]
 53891 | Lair:1   | Hired Ricets the minotaur for 1098 gold.
 53926 | Lair:1   | Learned a level 3 spell: Ozocubu's Armour
 53929 | Lair:1   | Learned a level 2 spell: Repel Missiles
 53933 | Lair:1   | Learned a level 3 spell: Spectral Weapon
 54394 | Elf:1    | Entered Level 1 of the Elven Halls
 54758 | Elf:1    | Received a gift from Yredelemnul
 54940 | Elf:1    | Received a gift from Yredelemnul
 54949 | Elf:1    | Reached skill level 17 in Invocations
 55104 | Elf:1    | Found Usoel's Distillery.
 55112 | Elf:1    | Bought a potion of haste for 170 gold pieces
 55112 | Elf:1    | Bought a potion of curing for 51 gold pieces
 55112 | Elf:1    | Bought a potion of heal wounds for 85 gold pieces
 55112 | Elf:1    | Bought a potion of heal wounds for 85 gold pieces
 55527 | Elf:2    | Found a huge runed gate.
 55534 | Elf:2    | Found a huge runed gate.
 55534 | Elf:2    | Found a huge runed gate.
 55535 | Elf:2    | Found a huge runed gate.
 55536 | Elf:2    | Found a huge runed gate.
 55598 | Elf:2    | Found Phiuf's Armour Boutique.
 55648 | Elf:2    | Received a gift from Yredelemnul
 55965 | Elf:3    | Entered Level 3 of the Elven Halls
 56644 | Elf:3    | Received a gift from Yredelemnul
 57000 | Elf:3    | Reached XP level 20. HP: 150/167 MP: 33/37
 57000 | Elf:3    | Received a gift from Yredelemnul
 57563 | Elf:3    | Upgraded the game from 0.16.1-18-g436b03c to 0.16.1-25-gbcee3f8
 57629 | Elf:3    | Gained mutation: You can breathe flames. [potion of beneficial mutation]
 57857 | Elf:3    | Identified the Incunabulum of Heat
 57866 | Elf:3    | Identified the Catalogue of Creation
 57888 | Elf:3    | Identified Gaxt's Incunabulum of Malediction
 58204 | Elf:3    | Got a pair of fine gloves
 58206 | Elf:3    | Identified the +2 pair of gloves of Inviolability {rC+ rCorr Int-5 Dex+3} (You found it on level 3 of the Elven Halls)
 58898 | D:15     | Received a gift from Yredelemnul
 58919 | Depths:1 | Entered Level 1 of the Depths
 59062 | Depths:1 | Received a gift from Yredelemnul
 59109 | Depths:1 | Found a deep blue altar of Sif Muna.
 59143 | Depths:1 | Found a huge runed gate.
 59143 | Depths:1 | Found a huge runed gate.
 59143 | Depths:1 | Found a huge runed gate.
 59143 | Depths:1 | Found a huge runed gate.
 59172 | Depths:1 | Found a huge runed gate.
 59172 | Depths:1 | Found a huge runed gate.
 59172 | Depths:1 | Found a huge runed gate.
 59172 | Depths:1 | Found a huge runed gate.
 59172 | Depths:1 | Found a huge runed gate.
 59173 | Depths:1 | Found a huge runed gate.
 59173 | Depths:1 | Found a huge runed gate.
 59175 | Depths:1 | Found a huge runed gate.
 59175 | Depths:1 | Found a huge runed gate.
 59175 | Depths:1 | Found a huge runed gate.
 59175 | Depths:1 | Found a huge runed gate.
 59175 | Depths:1 | Found a huge runed gate.
 59175 | Depths:1 | Found a huge runed gate.
 59175 | Depths:1 | Found a huge runed gate.
 59176 | Depths:1 | Found a huge runed gate.
 59185 | Depths:1 | Found a huge runed gate.
 59583 | Depths:1 | Received a gift from Yredelemnul
 59603 | Depths:1 | Received a gift from Yredelemnul
 59878 | Depths:1 | Found a corrupted altar of Lugonu.
 59878 | Depths:1 | Found a one-way gate to the infinite horrors of the Abyss.
 60583 | Depths:2 | Identified the Disquisition on Hurtful Evil
 60745 | Depths:2 | Noticed a golden dragon
 60755 | Depths:2 | Killed a golden dragon
 60889 | Depths:2 | Reached XP level 21. HP: 152/175 MP: 34/37
 61158 | Depths:2 | Found a gateway to a ziggurat.
 61493 | Depths:2 | Received a gift from Yredelemnul
 61883 | Depths:3 | Found Xousur's Blood Bar.
 61895 | Depths:3 | Received a gift from Yredelemnul
 61916 | Depths:3 | Reached skill level 18 in Invocations
 62094 | Depths:3 | Reached skill level 10 in Charms
 62098 | Depths:3 | Received a gift from Yredelemnul
 62109 | Depths:3 | Found an iron altar of Okawaru.
 62150 | Depths:3 | Got a pair of shimmering gloves
 62296 | Depths:3 | Found Grefer's Book Emporium.
 62647 | Depths:3 | Found a one-way gate leading to the halls of Pandemonium.
 63066 | Depths:4 | Reached skill level 10 in Spellcasting
 63566 | Depths:4 | Identified the +0 pair of gloves "Deruxiekk" {Int+3} (You found it on level 3 of the Depths)
 64132 | Depths:5 | Entered Level 5 of the Depths
 64292 | Depths:5 | Received a gift from Yredelemnul
 64531 | Depths:5 | Found a gate to the Realm of Zot.
 64661 | Depths:5 | Reached XP level 22. HP: 73/185 MP: 27/38
 65830 | Depths:2 | Reached skill level 15 in Fighting
 66348 | Vaults:5 | Entered Level 5 of the Vaults
 66893 | Vaults:5 | Received a gift from Yredelemnul
 67517 | Vaults:5 | Lost intelligence.
 67533 | Vaults:5 | HP: 8/186 [tengu reaver/battleaxe (5)]
 67533 | Vaults:5 | Annihilated by a vault warden

Action                   |  1- 3 |  4- 6 |  7- 9 | 10-12 | 13-15 | 16-18 | 19-21 | 22-24 || total
-------------------------+-------+-------+-------+-------+-------+-------+-------+-------++-------
Melee: Trident           |   134 |   232 |   504 |   853 |       |       |       |       ||  1723
       Glaive            |       |       |       |   224 |  1550 |    79 |       |       ||  1853
       Demon trident     |       |       |       |       |       |  1470 |  1587 |   480 ||  3537
 Cast: Repel Missiles    |       |       |       |       |       |       |     1 |       ||     1
       Apportation       |       |       |       |       |       |       |     2 |       ||     2
Invok: Animate Remains   |       |       |    23 |       |       |       |       |       ||    23
       Animate Dead      |       |       |     7 |    52 |   124 |    73 |    81 |    23 ||   360
       Recall Undead Sla |       |       |       |     4 |    14 |     3 |     4 |     1 ||    26
       Drain Life        |       |       |       |     5 |     4 |     2 |     7 |       ||    18
       Injury Mirror     |       |       |       |     2 |       |       |       |       ||     2
       Enslave Soul      |       |       |       |       |     3 |     3 |       |       ||     6
 Abil: Spit Acid         |       |       |       |     1 |       |       |       |       ||     1
Evoke: Rod               |       |       |       |     2 |       |       |       |       ||     2
       Wand              |       |       |       |       |       |     1 |     6 |     1 ||     8
       Deck              |       |       |       |       |       |       |    12 |       ||    12
  Use: Potion            |       |       |     8 |     2 |     2 |     6 |     4 |     3 ||    25
       Scroll            |       |       |     7 |    16 |    10 |    21 |    13 |     1 ||    68
 Stab: Distracted        |     1 |       |     4 |     9 |    20 |    33 |    35 |    11 ||   113
       Sleeping          |     1 |       |    10 |    11 |    14 |    15 |    11 |       ||    62
       Invisible         |       |       |       |     1 |       |       |       |       ||     1
       Confused          |       |       |       |       |     1 |       |       |       ||     1
       Fleeing           |       |       |       |       |       |     1 |       |       ||     1
  Eat: Chunk             |     2 |     7 |     9 |    24 |    46 |    21 |    27 |       ||   136
       Royal jelly       |       |       |     2 |       |     5 |     4 |     2 |     1 ||    14
       Pizza             |       |       |     1 |       |     2 |     1 |     1 |     2 ||     7
       Meat ration       |       |       |     2 |     2 |     1 |     4 |     1 |     1 ||    11
       Beef jerky        |       |       |       |     1 |       |     3 |     3 |     1 ||     8
       Bread ration      |       |       |       |     1 |       |     2 |     2 |       ||     5
       Fruit             |       |       |       |       |     1 |     2 |       |       ||     3
